 Dungeon Crawl Stone Soup version 0.27.1-33-g824d729ab1 (webtiles) character file.

Game seed: 7742259377492010572

25 Grabarz the Magician (level 3, -6/24 HPs)
             Began as a Human Hedge Wizard on Dec 9, 2021.
             Mangled by a gnoll (9 damage)
             ... on level 2 of the Dungeon.
             The game lasted 00:15:12 (1443 turns).

Grabarz the Magician (Human Hedge Wizard)           Turns: 1443, Time: 00:15:13

Health: -6/24      AC:  2    Str: 10    XL:     3   Next: 20%
Magic:  0/8        EV:  6    Int: 15    God:
Gold:   47         SH:  0    Dex: 12    Spells: 1/9 levels left

rFire    . . .     SeeInvis .   a - +0 dagger
rCold    . . .     Faith    .   (no shield)
rNeg     . . .     Spirit   .   b - +0 robe
rPois    .         Reflect  .   c - +0 hat
rElec    .         Harm     .   (no cloak)
rCorr    .         Rampage  .   (no gloves)
Will     .....                  (no boots)
Stlth    ++........             (no amulet)
HPRegen  0.08/turn              (no ring)
MPRegen  0.11/turn              (no ring)

@: very slightly contaminated, held
A: no striking features
a: no special abilities


You were on level 2 of the Dungeon.
You visited 1 branch of the dungeon, and saw 2 of its levels.

You collected 47 gold pieces.

Inventory:

Hand Weapons
 a - a +0 dagger (weapon)
Armour
 b - a +0 robe (worn)
 c - a +0 hat (worn)
Scrolls
 d - a scroll of fear {unknown}
Potions
 e - a potion of brilliance {unknown}


   Skills:
 - Level 2.0 Dodging
 - Level 2.0 Stealth
 + Level 3.5 Spellcasting
 - Level 2.0 Conjurations
 + Level 1.2 Summonings
 - Level 1.0 Translocations


You had one spell level left.
You knew the following spells:

 Your Spells              Type           Power      Damage    Failure   Level
a - Magic Dart            Conj           32%        1d4       9%          1
b - Blink                 Tloc           N/A        N/A       19%         2
c - Call Imp              Summ           6%         N/A       17%         2
d - Conjure Flame         Conj/Fire      5%         6-21      36%         3

Your spell library contained the following spells:

 Spells                   Type           Power      Damage    Failure   Level
 Corpse Rot               Necr/Air       N/A        N/A       28%         2
 Poisonous Vapours        Pois/Air       4%         N/A       28%         2
 Slow                     Hex            2%         N/A       28%         2
 Mephitic Cloud           Conj/Pois/Air  4%         N/A       41%         3
 Dispel Undead            Necr           2%         3d7       88%         4
 Freezing Cloud           Conj/Ice/Air   2%         6-21      99%         5
 Death Channel            Necr           1%         N/A       100%        6


Dungeon Overview and Level Annotations

Branches:
Dungeon (2/15)

Altars:


Message History

Your white imp freezes the gnoll.
What are your orders? t - Shout!
Orders for allies: a - Attack new target. r - Retreat! s - Stop attacking. g - Guard the area. f - Follow me.
Anything else - Cancel.
Gang up on whom?
Press: ? - help, Dir - move target, f - gnoll
Aim: a gnoll, wielding a +0 spear (heavily wounded, ally target) Attack!
The gnoll hits you from afar with a +0 spear.
Your white imp barely misses the gnoll.
You struggle against the net.
The gnoll hits you from afar with a +0 spear.
Your white imp gestures at the gnoll.
The puff of frost hits the gnoll.
Aiming: Magic Dart (safe; 9% risk of failure)
Press: ? - help, Q - select action, (/) - cycle Shift-Dir - straight line, f/p - gnoll
Aim: a gnoll, wielding a +0 spear (severely wounded, ally target, 100% to hit)
You miscast Magic Dart.
Nothing appears to happen.
The gnoll closely misses your white imp.
Your white imp hits the gnoll.
Your white imp freezes the gnoll.
The gnoll dies!
What are your orders? t - Shout!
Orders for allies: a - Attack new target. r - Retreat! s - Stop attacking. g - Guard the area. f - Follow me.
Anything else - Cancel.
Gang up on whom?
Press: ? - help, Dir - move target, f - gnoll
Aim: a gnoll, wielding a +0 whip Attack!
The gnoll hits you with a +0 whip.
* * * LOW HITPOINT WARNING * * *
You struggle against the net.
The gnoll hits you with a +0 whip.
* * * LOW HITPOINT WARNING * * *
Your white imp barely misses the gnoll.
You struggle against the net.
The gnoll hits you with a +0 whip!
You die...

.## .... #...
..# .. ..# #....
###.##### ##....
###........
..... #g@5#
#.... #5###.###
##.... $).
..g5ยง#####.....
#.#..
##.##...........
.. ...
....g....)......
## ##..
#......<.####...
#.# ....###..#
##.. #. .. ##.#
#.< #.. ##.


You could see a gnoll (ally target), a friendly crimson imp (summoned) and a
friendly white imp (summoned).

Vanquished Creatures
  2 ball pythons (D:1)
  An endoplasm (D:2)
  2 giant cockroaches (D:1)
  A hobgoblin (D:1)
  3 bats (D:1)
9 creatures vanquished.

Vanquished Creatures (collateral kills)
  2 gnolls (D:2)
  A dart slug (D:1)
  2 endoplasms
  A hobgoblin (D:1)
  A rat (D:2)
7 creatures vanquished.

Vanquished Creatures (others)
  A fungus (D:2)
  2 plants (D:2)
3 creatures vanquished.

Grand Total: 19 creatures vanquished

Notes
Turn   | Place    | Note
-------+----------+-------------------------------------------
     0 | D:1      | Grabarz the Human Hedge Wizard began the quest for the Orb.
     0 | D:1      | Reached XP level 1. HP: 13/13 MP: 4/4
   209 | D:1      | Reached XP level 2. HP: 18/19 MP: 1/6
   212 | D:1      | Learned a level 2 spell: Blink
   215 | D:1      | Learned a level 2 spell: Call Imp
  1333 | D:1      | Reached XP level 3. HP: 24/24 MP: 0/7
  1432 | D:1      | Learned a level 3 spell: Conjure Flame
  1443 | D:2      | Mangled by a gnoll

Illustrated notes

Levels and vault maps discovered:
D:1:      psy_arrival_radial02, layout_basic
D:2:      layout_rooms, dreamdust_ecumenical_altar_grove, serial_shops, shop,
          shop, shop

Skill      XL: |  1  2 |
---------------+-------+-----
Conjurations   | 2 |  2.0
Dodging        | |  2.0
Stealth        | |  2.0
Spellcasting   | |  3.5
Summonings     | |  1.2
Translocations | |  1.0

Action                   || total
-------------------------++-------
Melee: Dagger            ||    16
 Cast: Magic Dart        ||    28
       Call Imp          ||    16
 Stab: Distracted        ||     1
Armor: Robe              ||    13
Dodge: Dodged            ||    23
